 Dungeon Crawl Stone Soup version 0.31-a0-870-g10ed682358 (webtiles) character file.

Game seed: 5144153682972436655

1736 CoinPitGoblin the Skirmisher (level 8, -4/63 HPs)
             Began as a Demonspawn Hunter on Oct 12, 2023.
             Slain by a gnoll
             ... wielding a +0 halberd
              (5 damage)
             ... on level 5 of the Dungeon.
             The game lasted 00:13:44 (5020 turns).

CoinPitGoblin the Skirmisher (Demonspawn Hunter)    Turns: 5020, Time: 00:13:45

Health: -4/63      AC: 12    Str: 13    XL:     8   Next: 76%
Magic:  8/8        EV: 10    Int: 10    God:
Gold:   286        SH:  5    Dex: 18    Spells: 7/7 levels left

rFire   . . .        b - +5 dagger (drain)
rCold   + . .        (no shield)
rNeg    . . .        e - +2 scale mail {Will+}
rPois   .            s - +0 helmet
rElec   .            r - +0 cloak
rCorr   .            (no gloves)
SInv    .            (no boots)
Will    +....        h - amulet of reflection Stlth
                     q - ring of protection from cold
HPRegen 0.30/turn    v - ring of flight
MPRegen 0.11/turn

%: reflection
@: flying
A: molten scales 1, demonic guardian 1, demonic touch 2
a: no special abilities


You were on level 5 of the Dungeon.
You visited 1 branch of the dungeon, and saw 5 of its levels.

You collected 286 gold pieces.

Inventory:

Hand Weapons
 a - a +0 shortbow
 b - a +5 dagger of draining (weapon)
Armour
 c - a +1 leather armour
 e - a +2 scale mail of willpower (worn)
 r - a +0 cloak (worn)
 s - a +0 helmet (worn)
Jewellery
 h - an amulet of reflection (around neck)
 q - a ring of protection from cold (left hand)
 v - a ring of flight (right hand)
Wands
 d - a wand of polymorph (9)
Scrolls
 i - a scroll of summoning
 l - 4 scrolls of teleportation
 m - 3 scrolls of identify
 o - 2 scrolls of blinking
 t - a scroll of butterflies
Potions
 f - a potion of might
 g - a potion of enlightenment {unknown}
 j - 3 potions of attraction {unknown}
 k - 2 potions of brilliance
 n - a potion of lignification {unknown}
 p - a potion of haste {unknown}
 w - a potion of resistance {unknown}


   Skills:
 + Level 5.4 Fighting
 + Level 2.3 Short Blades
 + Level 8.8 Ranged Weapons
 + Level 1.7 Armour
 + Level 3.4 Dodging
 - Level 0.8 Stealth


You had 7 spell levels left.
You didn't know any spells.
Your spell library contained the following spells:

 Spells                   Type           Power      Damage    Failure   Level
 Blink                    Tloc           0%         N/A       95%         2
 Lesser Beckoning         Tloc           0%         N/A       95%         2
 Momentum Strike          Conj/Tloc      0%         3d8       95%         2
 Ozocubu's Armour         Ice            0%         N/A       99%         3
 Ozocubu's Refrigeration  Ice            0%         4d7       100%        7


Dungeon Overview and Level Annotations

Branches:
Dungeon (5/15)
 Temple: D:4-7

Altars:
Cheibriados
Wu Jian

Shops:
D:3 *

Annotations:
D:3 3 runed translucent doors, Beaer's ghost, amateur OpFi; Kelnin's ghost, weakling MiMo


Innate Abilities, Weirdness & Mutations

You are partially covered in molten scales. (AC +2)
A weak demonic guardian rushes to your aid.
Your touch may inflict irresistible damage on your foes.


Message History

The gnoll is moderately wounded.
You block the gnoll's attack. x2
You feel better. The gnoll hits you but does no damage.
The gnoll hits you from afar with a +0 spear.
You closely miss the gnoll.
The gnoll is moderately wounded.
You hear a shout!
The gnoll closely misses you.
The gnoll hits you from afar with a +0 spear.
* * * LOW HITPOINT WARNING * * *
You barely miss the gnoll. Your touch misses the gnoll.
The gnoll is moderately wounded.
The gnoll hits you from afar with a +0 spear.
* * * LOW HITPOINT WARNING * * *
The gnoll barely misses you.
You completely miss the gnoll.
The gnoll is moderately wounded.
You hit the gnoll.
The gnoll is heavily wounded.
The gnoll hits you with a +0 spear.
* * * LOW HITPOINT WARNING * * *
The gnoll barely misses you.
You hit the gnoll.
The gnoll is almost dead.
The gnoll hits you but does no damage. You block the gnoll's attack.
You hit the gnoll.
You kill the gnoll!
A gnoll comes into view. It is wielding a +0 halberd.
The gnoll hits you from afar with a +0 spear.
* * * LOW HITPOINT WARNING * * *
You hit the gnoll.
The gnoll is lightly wounded.
The gnoll hits you with a +0 halberd.
* * * LOW HITPOINT WARNING * * *
A demonic guardian appears!
The gnoll hits you but does no damage.
The gnoll hits you from afar with a +0 halberd.
* * * LOW HITPOINT WARNING * * *
The gnoll attacks as it pursues you!
The gnoll hits you from afar with a +0 halberd.
You die...

. #..#.##.#.##..
.
#..............#
.
#..............#
.
##..............#
#..............#
#..............#
###............#
##...........#
###....@....#
##........#
#####g5### ##)#
#.)g# ...g...
.....####. .....
#. .... #.


You could see 2 gnolls and a friendly quasit (summoned).

Vanquished Creatures
  Grinder (D:3)
  Duvessa (D:4)
  An ice beast (D:5)
  A black bear (D:4)
  An ogre (D:5)
  A centaur (D:5)
  2 phantoms
  5 scorpions
  A jelly (D:5)
  3 hounds
  A sleepcap (D:4)
  5 iguanas
  Ijyb (D:4)
  Natasha (D:4)
  7 gnolls
  7 adders
  A white imp (D:5)
  An ufetubus (D:5)
  A worm (D:5)
  4 dart slugs
  2 orcs (D:5)
  7 ball pythons
  6 bats
  6 endoplasms
  2 giant cockroaches
  2 goblins
  8 hobgoblins
  10 jackals
  3 quokkas
  2 frilled lizards
  A goblin skeleton (D:5)
  A goblin zombie (D:5)
  2 hobgoblin zombies (D:5)
  5 kobolds
  2 orc skeletons (D:5)
  An orc zombie (D:5)
  4 rats
110 creatures vanquished.

Vanquished Creatures (collateral kills)
  Dowan (D:4)
  An iguana (D:4)
  A gnoll (D:5)
  A kobold (D:2)
4 creatures vanquished.

Grand Total: 114 creatures vanquished

Notes
Turn   | Place    | Note
-------+----------+-------------------------------------------
     0 | D:1      | CoinPitGoblin the Demonspawn Hunter began the quest for the
                  | Orb.
     0 | D:1      | Reached XP level 1. HP: 16/16 MP: 1/1
   184 | D:1      | Reached skill level 4 in Ranged Weapons
   184 | D:1      | Gained mutation: Your touch may inflict minor irresistible
                  | damage on your foes. [demonic ancestry]
   184 | D:1      | Reached XP level 2. HP: 22/22 MP: 2/2
   902 | D:2      | Gained mutation: A weak demonic guardian rushes to your
                  | aid. [demonic ancestry]
   902 | D:2      | Reached XP level 3. HP: 27/27 MP: 3/3
  1080 | D:2      | Reached skill level 5 in Ranged Weapons
  1080 | D:2      | Reached XP level 4. HP: 30/33 MP: 4/4
  1681 | D:3      | Noticed a scorpion
  1697 | D:3      | Killed a scorpion
  1698 | D:3      | Reached XP level 5. HP: 29/39 MP: 5/5
  1786 | D:3      | Found Daaj's General Store.
  2000 | D:3      | Found a runed translucent gate.
  2000 | D:3      | Found a runed translucent gate.
  2001 | D:3      | Found a runed translucent gate.
  2003 | D:3      | Noticed Kelnin's ghost (weakling MiMo)
  2003 | D:3      | Noticed Beaer's ghost (amateur OpFi)
  2196 | D:3      | Noticed Grinder
  2203 | D:3      | Paralysed by Grinder for 5 turns
  2228 | D:3      | Killed Grinder
  2229 | D:3      | Reached skill level 6 in Ranged Weapons
  2229 | D:3      | Reached XP level 6. HP: 30/47 MP: 6/6
  2751 | D:4      | Noticed Duvessa
  2751 | D:4      | Noticed Dowan
  3111 | D:4      | Gained mutation: Your touch may inflict irresistible damage
                  | on your foes. [demonic ancestry]
  3111 | D:4      | Reached XP level 7. HP: 38/52 MP: 7/7
  3289 | D:4      | Reached skill level 7 in Ranged Weapons
  3405 | D:4      | Noticed Natasha
  3415 | D:4      | Killed Natasha
  3517 | D:4      | Killed Duvessa
  3543 | D:4      | Killed Dowan
  3972 | D:4      | Noticed Ijyb
  3985 | D:4      | Killed Ijyb
  4056 | D:4      | Found a snail-covered altar of Cheibriados.
  4074 | D:4      | Reached skill level 8 in Ranged Weapons
  4074 | D:4      | Gained mutation: You are partially covered in molten
                  | scales. (AC +2) [demonic ancestry]
  4074 | D:4      | Reached XP level 8. HP: 56/61 MP: 8/8
  4127 | D:4      | Found an ornate altar of the Wu Jian Council.
  4448 | D:5      | Entered Level 5 of the Dungeon
  4743 | D:5      | Reached skill level 1 in Short Blades
  4745 | D:5      | Reached skill level 5 in Fighting
  4745 | D:5      | Reached skill level 1 in Armour
  5019 | D:5      | HP: 1/63 [gnoll/+0 halberd (6)]
  5020 | D:5      | Slain by a gnoll

Illustrated notes

Levels and vault maps discovered:
D:1:      dpeg_arrival_simpleton_a, layout_basic, corexii_corridor_pit
D:2:      layout_basic
D:3:      layout_loops_ring, marbit_many_paths, serial_shops,
          nicolae_shop_getting_attention, gammafunk_ghost_cemetery,
          minivault_24, minmay_misc_feat_plants, uniq_grinder
D:4:      layout_loops_corners, mainiacjoe_overflow_boulevard,
          nicolae_wu_jian_wuxing_cycle, kennysheep_generic_room_2, uniq_duvessa,
          uniq_natasha, uniq_ijyb
D:5:      minmay_octagon_keep, layout_cave_pods, mainiacjoe_overflow_catwalk,
          nicolae_tso_besieged_by_evil, serial_shops, shop, uniq_edmund

Skill      XL: |  1  2  3  4  5  6  7  8 |
---------------+-------------------------+-----
Ranged Weapons | 4 5 6 8 |  8.8
Dodging        | 2 3 |  3.4
Fighting       | 3 4 5 |  5.4
Short Blades   | 2 |  2.3
Armour         | 1 |  1.7
Stealth        | |  0.8

Action                     |  1- 3 |  4- 6 |  7- 9 || total
---------------------------+-------+-------+-------++-------
  Melee: Quarterstaff      |       |    21 |     5 ||    26
         Dagger            |       |       |   134 ||   134
         Touch             |       |       |    21 ||    21
         Punch             |       |       |     2 ||     2
   Fire: Shortbow          |    76 |   110 |   110 ||   296
    Use: Scroll            |     7 |     5 |     2 ||    14
         Potion            |       |     3 |     4 ||     7
   Stab: Sleeping          |       |     1 |       ||     1
 Armour: Leather armour    |    11 |    57 |    28 ||    96
         Scale mail        |       |       |    82 ||    82
  Dodge: Dodged            |    14 |    29 |    82 ||   125
  Block: Other             |     5 |    17 |    43 ||    65
         Reflection        |     1 |     1 |       ||     2

Table legend: (Time is in decaauts)
 A = Elapsed time spent in this place.
 B = Non-inter-level travel time spent in this place.
 C = Inter-level travel time spent in this place.
 D = Time resting spent in this place.
 E = Time spent auto-exploring this place.
 F = Levels seen in this place.
 G = Mean time per level.
                   A        B        C        D        E       F      G
               +--------+--------+--------+--------+--------+-----+--------+
         Total |   5056 |   4481 |    575 |    148 |   3426 |   5 | 1011.2 |
       Dungeon |   5056 |   4481 |    575 |    148 |   3426 |   5 | 1011.2 |
               +--------+--------+--------+--------+--------+-----+--------+

Top non-repeatable levels by time:
     D:4: 1671 daAuts
     D:3: 1303 daAuts
     D:1: 838 daAuts
     D:2: 782 daAuts
     D:5: 460 daAuts
